 Dungeon Crawl Stone Soup version 0.21-b1-15-gfba53cd (webtiles) character file.

114 Axe the Sneak (level 5, 0/31 HPs)
             Began as a Kobold Assassin on Jan 4, 2018.
             Slain by iamoutofideas's ghost (8 damage)
             ... on level 3 of the Dungeon.
             The game lasted 00:02:34 (2672 turns).

Axe the Sneak (Kobold Assassin)                     Turns: 2672, Time: 00:02:35

Health: 0/31       AC:  6    Str:  8    XL:     5   Next: 19%
Magic:  5/5        EV: 12    Int: 13    God:
Gold:   152        SH:  0    Dex: 17    Spells: 4/4 levels left

rFire    . . .     SeeInvis .   j - +1 short sword (elec)
rCold    . . .     Gourm    .   (shield restricted)
rNeg     . . .     Faith    .   o - +0 ring mail
rPois    .         Spirit   .   (no helmet)
rElec    .         Reflect  .   d - +0 cloak
rCorr    .         Harm     .   (no gloves)
MR       .....                  (no boots)
Stlth    +++.......             (no amulet)
HPRegen  0.10/turn              (no ring)
MPRegen  0.09/turn              (no ring)

@: no status effects
A: small, carnivore
a: no special abilities


You were on level 3 of the Dungeon.
You were not hungry.

You visited 1 branch of the dungeon, and saw 3 of its levels.

You collected 152 gold pieces.

Inventory:

Hand Weapons
 b - a +0 blowgun
 j - a +1 short sword of electrocution (weapon)
Missiles
 e - 29 poisoned needles
 f - 2 curare-tipped needles
Armour
 d - a +0 cloak (worn)
 o - a +0 ring mail (worn)
Scrolls
 c - 2 scrolls of magic mapping {unknown}
 h - 2 scrolls of teleportation {unknown}
 i - 2 scrolls of identify {unknown}
 k - a scroll of amnesia {unknown}
 n - a scroll of fear {unknown}
Potions
 a - 2 potions of heal wounds {unknown}
 l - 2 potions of degeneration {unknown}
Books
 m - a book of Misfortune

   Spells                             Type                      Level
   a - Confusing Touch                Hexes                        1
   b - Confuse                        Hexes                        3
   c - Gell's Gravitas                Translocation                3
   d - Petrify                        Transmutation/Earth          4
   e - Metabolic Englaciation         Hexes/Ice                    5
   f - Yara's Violent Unravelling     Hexes/Transmutation          5
Comestibles
 g - 4 rations


   Skills:
 - Level 2.5 Fighting
 * Level 5.0 Short Blades
 - Level 2.1 Throwing
 - Level 1.2 Dodging
 + Level 6.8 Stealth


You had 4 spell levels left.
You didn't know any spells.

Dungeon Overview and Level Annotations

Branches:
Dungeon (3/15)

Altars:
Hepliaklqana

Annotations:
D:3 iamoutofideas's ghost, amateur TrCK


Innate Abilities, Weirdness & Mutations

You are small and have problems with some larger weapons.
You are carnivorous and can eat meat at any time.


Message History

Iamoutofideas's ghost hits you but does no damage.
You climb upwards.
There is a stone staircase leading down here.
You start resting.
HP restored.
You climb downwards.
Level annotation: iamoutofideas's ghost, amateur TrCK
There is a stone staircase leading up here.
Unknown command.
You hit iamoutofideas's ghost.
Iamoutofideas's ghost is lightly damaged.
Iamoutofideas's ghost hits you!
Ouch! That really hurt!
You hit iamoutofideas's ghost but do no damage.
Iamoutofideas's ghost is lightly damaged.
Iamoutofideas's ghost hits you!
* * * LOW HITPOINT WARNING * * *
Unknown command.
Iamoutofideas's ghost hits you!
You die...

#.#.#.##.# #........
#.#.#.##.############.
#.#.#.##.#............
#.#.#.##>.............
#.#.#.##.#.##########.
#.#.#.##.#.##### #.
#.....##.#.#...# #.
###.####.#.#...# #.
#.#@##.#.#...# #.
##.#W##.#.#...# #.
#.........#...######.
#..#.................
#..#..#..............
#..#..#.###...#...##.
#..#..#.# #...#...##.
#..#..#.# #...#...##.
#..#..#.# #...######.


You could see iamoutofideas's ghost.

Vanquished Creatures
  3 gnolls (D:3)
  2 adders (D:2)
  2 worms
  4 dart slugs
  4 leopard geckos
  A giant cockroach (D:3)
  11 hobgoblins
  2 quokkas (D:2)
  3 bats (D:2)
  7 frilled lizards
  A goblin (D:3)
  8 kobolds
  3 rats
51 creatures vanquished.

Notes
Turn   | Place    | Note
-------+----------+-------------------------------------------
     0 | D:1      | Axe the Kobold Assassin began the quest for the Orb.
     0 | D:1      | Reached XP level 1. HP: 12/12 MP: 1/1
   247 | D:1      | Reached XP level 2. HP: 14/18 MP: 2/2
   994 | D:2      | Reached skill level 6 in Stealth
  1039 | D:2      | Reached XP level 3. HP: 13/22 MP: 3/3
  1186 | D:2      | Reached XP level 4. HP: 27/27 MP: 4/4
  1258 | D:2      | Found a hazy altar of Hepliaklqana.
  2076 | D:3      | Reached XP level 5. HP: 10/31 MP: 5/5
  2359 | D:3      | Reached skill level 5 in Short Blades
  2497 | D:3      | Noticed iamoutofideas's ghost (amateur TrCK)
  2672 | D:3      | Slain by iamoutofideas's ghost

Skill      XL: |  1  2  3  4  5 |
---------------+----------------+-----
Stealth        | 6 |  6.8
Short Blades   | 3 4 5 |  5.0
Fighting       | |  2.5
Throwing       | |  2.1
Dodging        | |  1.2

Action                   |  1- 3 |  4- 6 || total
-------------------------+-------+-------++-------
Melee: Short sword       |    41 |    81 ||   122
       Dagger            |     3 |       ||     3
 Stab: Sleeping          |     6 |     8 ||    14
  Eat: Chunk             |     3 |     3 ||     6
Armor: Robe              |     4 |       ||     4
       Ring mail         |     3 |    20 ||    23
Dodge: Dodged            |    19 |    38 ||    57
